 Dungeon Crawl Stone Soup version 0.28-a0-1629-gf728b707aa (webtiles) character file.

Game seed: 9673164813924690950

62990 funkygono the Arsonist (level 15, -19/84 HPs)
             Began as a Gargoyle Fire Elementalist on Jan 24, 2022.
             Was an Elder of Vehumet.
             Demolished by a death yak simulacrum (51 damage)
             ... animated by a necromancer
             ... in a Gauntlet.
             The game lasted 00:50:48 (25225 turns).

funkygono the Arsonist (GrFE)                      Turns: 25225, Time: 00:50:50

Health: -19/84     AC: 29    Str: 12    XL:     15   Next: 8%
Magic:  17/32      EV: 12    Int: 27    God:    Vehumet [****..]
Gold:   1127       SH:  0    Dex: 10    Spells: 6/41 levels left

rFire   + . .      SeeInvis .   R - +7 whip (flame)
rCold   x . .      Faith    .   (no shield)
rNeg    + . .      Spirit   .   c - +2 acid dragon scales
rPois   ∞          Reflect  .   a - +2 helmet
rElec   +          Harm     .   t - +2 cloak
rCorr   +          Rampage  .   q - +1 pair of gloves
Will    +....      NoTele   +   (no boots)
Stlth   +.........              U - amulet of the acrobat
HPRegen 0.24/turn               H - ring of fire
MPRegen 0.23/turn               j - +6 ring of intelligence

@: flying
A: sickness immunity, AC +11, big wings, negative energy resistance 1,
electricity resistance, torment resistance 1, petrification resistance, weak 1
a: Renounce Religion


You were in a Gauntlet.
You worshipped Vehumet.
Vehumet was greatly pleased with you.
You visited 3 branches of the dungeon, and saw 19 of its levels.
You also visited: Gauntlet.

You collected 1207 gold pieces.
You spent 80 gold pieces at shops.

Inventory:

Hand Weapons
 B - a +2 whip of electrocution
 G - a +0 vampiric demon whip
 L - a +1 mace of holy wrath
 R - a +7 whip of flaming (weapon)
Missiles
 e - 508 stones
 M - 5 throwing nets
Armour
 a - a +2 helmet (worn)
 c - +2 acid dragon scales (worn)
 q - a +1 pair of gloves (worn)
 t - a +2 cloak (worn)
 N - a +1 cloak of willpower
Jewellery
 j - a +6 ring of intelligence (right hand)
 r - a ring of positive energy
 s - a +4 ring of slaying
 w - an amulet of regeneration
 A - an amulet of guardian spirit
 H - a ring of fire (left hand)
 I - a ring of fire
 U - an amulet of the acrobat (around neck)
 X - a ring of magical power
Wands
 p - a wand of flame (25)
 z - a wand of paralysis (4)
 F - a wand of polymorph (5)
 O - a wand of iceblast (13)
 P - a wand of mindburst (4)
Scrolls
 b - 6 scrolls of teleportation
 d - 3 scrolls of fear
 u - 2 scrolls of blinking
 y - 3 scrolls of magic mapping
 C - 7 scrolls of identify
 E - 3 scrolls of fog
 K - 3 scrolls of amnesia
 Q - a scroll of enchant weapon
Potions
 f - 5 potions of heal wounds
 g - 2 potions of mutation
 h - a potion of magic
 i - 2 potions of curing
 k - a potion of flight
 l - 3 potions of resistance
 m - a potion of cancellation
 n - 4 potions of haste
 o - 3 potions of brilliance
 v - a potion of might
 x - a potion of ambrosia
 D - a potion of lignification
 J - 2 potions of berserk rage
Miscellaneous
 S - a phantom mirror
 T - a phial of floods


   Skills:
 + Level 6.4 Fighting
 + Level 6.5 Maces & Flails
 + Level 6.1 Armour
 + Level 6.0 Dodging
 - Level 2.1 Stealth
 + Level 13.5 Spellcasting
 + Level 12.4 Conjurations
 + Level 13.8 Fire Magic
 * Level 8.1 Earth Magic


You had 6 spell levels left.
You knew the following spells:

 Your Spells              Type           Power      Damage    Failure   Level
a - Foxfire               Conj/Fire      100%       2x1d9     0%          1
b - Scorch                Fire           100%       2d10      0%          2
c - Conjure Flame         Conj/Fire      94%        6-21      1%          3
d - Flame Wave            Conj/Fire      94%        2d16      1%          4
e - Sticky Flame          Conj/Fire      94%        2d10      1%          4
f - Shock                 Conj/Air       100%       1d9       1%          1
g - Lee's Rapid Deconstr  Erth           29%        3d16*     1%          5
h - Searing Ray           Conj           100%       2d8       1%          2
i - Stone Arrow           Conj/Erth      100%       3d13      1%          3
j - Starburst             Conj/Fire      47%        6d13      1%          6
k - Airstrike             Air            9%         N/A       11%         4

Your spell library contained the following spells:

 Spells                   Type           Power      Damage    Failure   Level
 Hailstorm                Conj/Ice       51%        3d11      1%          4
 Dazzling Flash           Conj/Hex       100%       N/A       1%          3
 Ignite Poison            Fire/Tmut/Pois 59%        N/A       1%          3
 Inner Flame              Hex/Fire       70%        N/A       1%          3
 Iskenderun's Mystic Bla  Conj/Tloc      51%        2d11      1%          4
 Apportation              Tloc           36%        N/A       4%          1
 Leda's Liquefaction      Hex/Erth       20%        N/A       8%          4
 Lesser Beckoning         Tloc           18%        N/A       13%         3
 Teleport Other           Tloc           18%        N/A       13%         3
 Cause Fear               Hex            9%         N/A       38%         4
 Alistair's Intoxication  Tmut/Pois      12%        N/A       75%         5
 Discord                  Hex            9%         N/A       100%        8
 Shatter                  Erth           29%        3d24*     100%        9
 Statue Form              Tmut/Erth      Unusable   N/A       N/A         6

Dungeon Overview and Level Annotations

Branches:
Dungeon (13/15)            Temple (1/1) D:6            Lair (5/6) D:11
  Swamp (0/4) Lair:3       Spider (0/4) Lair:2          Orc (0/2) D:11
 Vaults (0/5) D:13        Gauntlet (1/1)
  Slime: Lair:5-6

Altars:
Ashenzari
Cheibriados
Dithmenos
Elyvilon
Fedhas
Gozag
Hepliaklqana
Kikubaaqudgha
Makhleb
Nemelex Xobeh
Okawaru
Qazlal
Ru
Sif Muna
Trog
Uskayaw
Vehumet
Wu Jian
Xom
Yredelemnul
Zin
The Shining One

Shops:
D:1 *   D:6 =

Annotations:
Gauntlet 9 transporters, 1 runed translucent door


Innate Abilities, Weirdness & Mutations

You are immune to sickness and miasma.
Your stone body is resilient. (AC +11)
You are immune to poison.
Your large and strong wings let you fly.
You resist negative energy. (rN+)
You are resistant to electric shocks. (rElec)
You are resistant to unholy torment.
You are immune to petrification.
You are weak. (Str -2)


Message History

The death yak simulacrum melts!
The death yak simulacrum vaporises!
You hear a sizzling sound!
The death yak gores you.
The necromancer casts a spell.
The necromancer binds the souls of nearby monsters.
Casting: Starburst (dangerous; 1% risk of failure)
Confirm with . or Enter, or press ? or * to list all spells.
Casting: Starburst (dangerous; 1% risk of failure)
Press: ? - help, Dir - look around, f - activate You feel a surge of power!
The bolt of fire hits the death yak!!
You kill the death yak!
Vehumet accepts your kill.
You feel your power returning.
The bolt of fire hits the necromancer!!!
The necromancer is almost dead.
A freezing mist starts to gather...
A death yak simulacrum comes into view.
Casting: Starburst (dangerous; 1% risk of failure)
Confirm with . or Enter, or press ? or * to list all spells.
Aiming: Sticky Flame (safe; 1% risk of failure)
Press: ? - help, Shift-Dir - straight line, f - necromancer
Aim: a necromancer, wielding a +0 dagger and wearing a +0 robe (almost dead, 100% to hit)
You feel a surge of power!
The sticky flame hits the necromancer!
You kill the necromancer!
Vehumet accepts your kill.
You whack the death yak simulacrum!
You melt the death yak simulacrum.
The death yak simulacrum is moderately damaged.
The death yak's soul is no longer bound.
The death yak simulacrum gores you but does no damage.
You hit the death yak simulacrum.
You melt the death yak simulacrum.
The death yak simulacrum is heavily damaged.
The death yak simulacrum gores you but does no damage.
Casting: Sticky Flame (safe; 1% risk of failure)
Confirm with . or Enter, or press ? or * to list all spells.
You feel a surge of power!
You conjure some foxfire!
The death yak simulacrum gores you. The death yak simulacrum freezes you!!!
You feel a terrible chill!
Ouch! That really hurt!
You die...

......PP...∩...PP...............≈
P♣..P♣P.........P♣..P♣..P♣P.P♣..#
................................≈
#.#########.#########.#########.≈
#.#.=.©=[.#.#.!.©[).#.#.!=©=..#.≈
#.#.#...#.#.#.#####.#.#.#####2#.#
#.#.#...#.#.#.#≈≈≈#.#.#^..#.33#.≈
#.#.##©##.#.#.#vv.#.#.####©####.≈
#.#..#.#.h#.#.+Z@Y'Z#.#2..#..^#.≈
#.####.####.#.#####.#.#3#####.#.#
#.#......h#.#.......#.#33.....#.≈
###########.###################.≈
.©....©#.......#©....©....©#....≈
########..P♣...#############.♣..#
#©#.5#....P......#...©.###......≈
.#.#.#..P#≈#≈#...#.###.###.♣PPP.≈
.#.#.#...≈≈≈≈≈.P.#.##..#.#.P.P..≈


You could see a cacodemon, a death yak, 2 neqoxecs, 2 hell hounds and 2 death
yak simulacra.

Vanquished Creatures
  An ironbound preserver (D:13)
  8 hydras
  Harold (D:9)
  A boulder beetle (D:12)
  A catoblepas (D:8)
  An ogre mage (D:11)
  A death knight (D:12)
  6 two-headed ogres
  A centaur warrior (D:13)
  A tengu warrior (Gauntlet)
  14 death yaks
  Sonja (D:10)
  A phantasmal warrior (D:11)
  A wizard (D:10)
  A necromancer (Gauntlet)
  3 deep elf pyromancers
  Pikel (D:7)
  8 elephants
  5 cyclopes
  2 black mambas
  10 cane toads
  2 gargoyles
  A kobold demonologist (D:9)
  An unseen horror (D:12)
  11 komodo dragons
  A yaktaur (D:13)
  A tengu conjurer (Gauntlet)
  4 trolls
  A tyrant leech (Lair:3)
  2 polar bears (Lair:1)
  8 blink frogs
  6 dream sheep (Lair:5)
  5 large abominations (D:10)
  7 small abominations (D:10)
  2 shadows (D:11)
  5 wraiths
  Sigmund (D:3)
  A vampire (D:12)
  2 basilisks
  5 wyverns
  31 yaks
  2 chaos spawn (Gauntlet)
  5 vampire mosquitoes
  A neqoxec (Gauntlet)
  A redback (Lair:2)
  2 two-headed ogre zombies (D:11)
  2 acid dragons (D:8)
  Duvessa (D:4)
  16 water moccasins
  2 ice beasts
  3 sky beasts
  2 orc warriors
  3 black bears
  A necrophage (D:5)
  6 ogres
  6 wolves (Lair:5)
  6 centaurs
  A lemure (D:7)
  Blork the orc (D:6)
  9 bullfrogs
  4 kobold brigands
  A gnoll sergeant (D:10)
  2 wyvern zombies
  A scorpion (D:5)
  Dowan (D:4)
  A water moccasin skeleton (D:4)
  2 troll zombies (D:11)
  3 killer bees (D:10)
  3 wights (D:10)
  2 howler monkeys
  5 centaur zombies
  A jelly (D:6)
  6 orc priests
  4 hounds
  Crazy Yiuf (D:3)
  A gnoll shaman (D:9)
  A centaur skeleton (D:4)
  4 iguanas
  6 orc wizards
  A scorpion zombie (D:3)
  2 killer bee zombies (D:8)
  4 ogre zombies (D:11)
  A hound skeleton (D:4)
  2 howler monkey zombies
  10 gnolls
  4 adders
  2 shadow imps
  A white imp (D:6)
  An adder skeleton (D:4)
  2 worms (D:4)
  5 dart slugs
  28 orcs
  9 ball pythons
  5 bats
  10 endoplasms
  A giant cockroach (D:4)
  3 goblins
  4 hobgoblins
  2 jackals (D:1)
  2 quokkas
  A frilled lizard (D:1)
  3 goblin skeletons (D:11)
  A goblin zombie (D:11)
  2 hobgoblin skeletons (D:11)
  5 hobgoblin zombies (D:11)
  19 kobolds
  An orc skeleton (D:11)
  13 orc zombies (D:11)
  3 rats
432 creatures vanquished.

Vanquished Creatures (collateral kills)
  7 foxfires
7 creatures vanquished.

Vanquished Creatures (others)
  A demonic plant (Gauntlet)
  1414 foxfires
  14 fungi
  18 plants
1447 creatures vanquished.

Grand Total: 1886 creatures vanquished

Notes
Turn   | Place    | Note
-------+----------+-------------------------------------------
     0 | D:1      | funkygono the Gargoyle Fire Elementalist began the quest
                  | for the Orb.
     0 | D:1      | Reached XP level 1. HP: 10/10 MP: 3/3
   146 | D:1      | Reached XP level 2. HP: 6/15 MP: 0/5
   151 | D:1      | Learned a level 2 spell: Scorch
   566 | D:1      | Found Fast's Assorted Antiques.
   767 | D:1      | Reached XP level 3. HP: 19/19 MP: 3/6
   771 | D:1      | Learned a level 3 spell: Conjure Flame
  1156 | D:2      | Identified the +8 hand axe "Orb Guardian's Peril" {venom,
                  | *Slow +Blink rPois Stlth+}
  1678 | D:3      | Noticed Sigmund
  1779 | D:3      | Reached XP level 4. HP: 24/24 MP: 0/8
  2013 | D:3      | Killed Sigmund
  2014 | D:3      | Reached XP level 5. HP: 19/28 MP: 1/10
  2087 | D:3      | Learned a level 4 spell: Flame Wave
  2196 | D:3      | Noticed an ogre
  2203 | D:3      | Killed an ogre
  2204 | D:3      | Reached skill level 5 in Fire Magic
  2204 | D:3      | Reached XP level 6. HP: 32/32 MP: 4/12
  2673 | D:3      | Found a runed translucent door.
  2674 | D:3      | Noticed Crazy Yiuf
  2680 | D:3      | Killed Crazy Yiuf
  3022 | D:4      | Noticed Dowan
  3037 | D:4      | Killed Dowan
  3038 | D:4      | Reached XP level 7. HP: 36/36 MP: 5/13
  3067 | D:4      | Noticed Duvessa
  3085 | D:4      | Killed Duvessa
  4095 | D:4      | Reached XP level 8. HP: 41/41 MP: 4/15
  4100 | D:4      | Learned a level 4 spell: Sticky Flame
  4210 | D:4      | Reached skill level 5 in Spellcasting
  4620 | D:5      | Entered Level 5 of the Dungeon
  4782 | D:5      | Identified the +1 robe "Asipei Apnim" {Will+}
  5749 | D:5      | Reached XP level 9. HP: 52/52 MP: 17/21
  5750 | D:5      | Reached skill level 5 in Fighting
  5750 | D:5      | Reached skill level 10 in Fire Magic
  5750 | D:5      | Reached XP level 10. HP: 59/59 MP: 17/22
  5875 | D:6      | Noticed Blork the orc
  5885 | D:6      | Killed Blork the orc
  6199 | D:6      | Found Niareguroe's Jewellery Shoppe.
  6359 | D:6      | Found a staircase to the Ecumenical Temple.
  6419 | Temple   | Entered the Ecumenical Temple
  7167 | D:7      | Noticed Pikel
  7180 | D:7      | Killed Pikel
  7270 | D:7      | Reached XP level 11. HP: 64/64 MP: 19/24
  7565 | D:7      | Identified the +6 halberd of the Extremes {elec, Fly rElec
                  | Dex+4 Stlth+}
  7857 | D:7      | Reached skill level 5 in Maces & Flails
  8743 | D:8      | Found a radiant altar of Vehumet.
  9049 | D:8      | Noticed a cyclops
  9062 | D:8      | Killed a cyclops
  9063 | D:8      | Reached skill level 1 in Armour
  9241 | D:8      | Noticed a cyclops
  9255 | D:8      | Killed a cyclops
  9419 | D:8      | Noticed a catoblepas
  9444 | D:8      | Killed a catoblepas
  9660 | D:9      | Noticed a two-headed ogre
  9811 | D:9      | HP: 2/64 [two-headed ogre (21)]
  9814 | D:9      | Killed a two-headed ogre
  9815 | D:9      | Reached skill level 10 in Spellcasting
 10263 | D:9      | Reached skill level 5 in Dodging
 10582 | D:9      | Noticed a two-headed ogre
 10599 | D:9      | Killed a two-headed ogre
 10922 | D:9      | Noticed Harold
 10932 | D:9      | Killed Harold
 11219 | D:8      | Became a worshipper of Vehumet
 11248 | D:10     | Entered Level 10 of the Dungeon
 11355 | D:10     | Reached XP level 12. HP: 68/68 MP: 22/26
 11434 | D:10     | Noticed Sonja
 11439 | D:10     | Killed Sonja
 11515 | D:10     | Noticed a two-headed ogre
 11526 | D:10     | Killed a two-headed ogre
 11529 | D:10     | Noticed a two-headed ogre
 11787 | D:10     | Killed a two-headed ogre
 11788 | D:10     | Reached skill level 10 in Conjurations
 12390 | D:10     | Reached * piety under Vehumet
 12390 | D:10     | Offered knowledge of Shock by Vehumet.
 12393 | D:10     | Learned a level 1 spell: Shock
 13036 | D:10     | Got the Compendium of the Traveller and the Rocks
 13128 | D:10     | Learned a level 5 spell: Lee's Rapid Deconstruction
 13716 | D:11     | Reached skill level 5 in Armour
 13719 | D:11     | Reached skill level 1 in Earth Magic
 13896 | D:11     | Found a staircase to the Orcish Mines.
 13932 | D:11     | Offered knowledge of Searing Ray by Vehumet.
 13935 | D:11     | Reached ** piety under Vehumet
 14279 | D:11     | Learned a level 2 spell: Searing Ray
 14330 | D:11     | Noticed a two-headed ogre
 14333 | D:11     | Noticed an ogre mage
 14337 | D:11     | Killed a two-headed ogre
 14359 | D:11     | Killed an ogre mage
 14658 | D:11     | Noticed an eight-headed hydra
 14668 | D:11     | Killed an eight-headed hydra
 14813 | D:11     | Found a staircase to the Lair.
 15076 | D:12     | Noticed a death knight
 15157 | D:11     | Reached XP level 13. HP: 73/73 MP: 20/28
 16403 | D:12     | Identified the +0 robe "Piyjidirgh" {Dex+2}
 16436 | D:12     | Found a glowing golden altar of the Shining One.
 16617 | D:12     | Offered knowledge of Dazzling Flash by Vehumet.
 17006 | D:1      | Bought a thin cabochon amulet for 80 gold pieces
 17294 | Lair:1   | Entered Level 1 of the Lair of Beasts
 17297 | Lair:1   | You fall into a shaft and drop 1 floor!
 17653 | Lair:1   | Reached *** piety under Vehumet
 18005 | Lair:1   | Offered knowledge of Stone Arrow by Vehumet.
 18006 | Lair:1   | Reached skill level 5 in Earth Magic
 18319 | Lair:1   | Learned a level 3 spell: Stone Arrow
 19362 | Lair:2   | Found a hole to the Spider Nest.
 19808 | Lair:2   | Learned a level 6 spell: Starburst
 20389 | Lair:3   | Reached **** piety under Vehumet
 20563 | Lair:3   | Found a staircase to the Swamp.
 20580 | Lair:3   | Gained mutation: Your large and strong wings let you fly.
                  | [Gargoyle growth]
 20580 | Lair:3   | Reached XP level 14. HP: 64/79 MP: 22/30
 20736 | Lair:3   | Offered knowledge of Airstrike by Vehumet.
 20937 | Lair:3   | Learned a level 4 spell: Airstrike
 23386 | D:13     | Found a gate to the Vaults.
 23386 | D:13     | Noticed an ironbound preserver
 23392 | D:13     | Killed an ironbound preserver
 24558 | Lair:5   | Reached ***** piety under Vehumet
 24589 | Lair:5   | Offered knowledge of Hailstorm by Vehumet.
 24699 | Lair:5   | Found a gate leading to a gauntlet.
 24715 | Gauntlet | Entered a Gauntlet
 24715 | Gauntlet | Found a transporter.
 24748 | Gauntlet | Found a transporter.
 24748 | Gauntlet | Found a transporter.
 24759 | Gauntlet | Found a transporter.
 24762 | Gauntlet | Found a transporter.
 24764 | Gauntlet | Noticed a cacodemon
 24770 | Gauntlet | Found a transporter.
 24791 | Gauntlet | Found a transporter.
 24802 | Gauntlet | Found a transporter.
 24806 | Gauntlet | Noticed a balrug
 24810 | Gauntlet | Noticed a quicksilver ooze
 24814 | Gauntlet | Found a transporter.
 24833 | Gauntlet | Found a transporter.
 24847 | Gauntlet | Found a transporter.
 24849 | Gauntlet | Found a transporter.
 24907 | Gauntlet | Found a runed translucent door.
 24911 | Gauntlet | Found a runed translucent door.
 24913 | Gauntlet | Found a transporter.
 24916 | Gauntlet | Found a transporter.
 25178 | Gauntlet | Gained mutation: You are weak. (Str -2) [a neqoxec]
 25213 | Gauntlet | Reached XP level 15. HP: 41/84 MP: 10/32
 25225 | Gauntlet | Demolished by a death yak simulacrum

Illustrated notes

Levels and vault maps discovered:
D:1:      saegor_arrival_under_anarchy, layout_rooms, serial_shops,
          nicolae_shop_hallway_stairs
D:2:      layout_rooms
D:3:      layout_rooms, uniq_sigmund, uniq_crazy_yiuf_cottage
D:4:      cheibrodos_barr_body, layout_loops_ring, minmay_misc_feat_doors,
          fountainhead, uniq_duvessa
D:5:      layout_cave_pods, hangedman_decor_opposing
D:6:      layout_rooms, temple_pool_b, serial_shops, nicolae_shop_trees,
          uniq_blork_the_orc
D:7:      layout_basic, uniq_pikel
D:8:      layout_basic, nicolae_overflow_hidden_temple, minmay_shattered_shrine
D:9:      layout_long_grid, uniq_harold
D:10:     layout_basic, grunt_decor_cap, laboratory, uniq_sonja
D:11:     layout_stronghold, lair_entry_dummy, zombieorc2_lemuel
D:12:     layout_cross, serial_column_ruins, column_ruins_corridor_straight,
          column_ruins_open_tiny, column_ruins_grid_2,
          column_ruins_columns_straight, column_ruins_columns_straight,
          tso_oasis_becter
D:13:     layout_basic, skrybe_vaults_entry_preservation, skrybe_limestone_x
Temple:   mainiacjoe_temple_starburst
Lair:1:   layout_chaotic_city, chequers_serial_rivers_micro_e,
          beast_lair_carwin_4, lemuel_fruit_fields
Lair:2:   layout_chaotic_city, spider_nest_entry_webs
Lair:3:   layout_regular_city, palyth_hydra_swamp_entry
Lair:4:   layout_small_grid
Lair:5:   layout_cave_pods, gauntlet_entry_generic
Gauntlet: minmay_gauntlet_77_tree [minmay_gauntlet_arena_77_chump_sandwich,
          minmay_gauntlet_arena_77_braids, minmay_gauntlet_arena_77_p_blocks,
          minmay_gauntlet_arena_77_double_cross,
          minmay_gauntlet_arena_77_mirror, minmay_gauntlet_arena_77_shame_cube,
          minmay_gauntlet_arena_77_two_paths, dreamdust_gauntlet_exit_labyrinth]

Skill      XL: |  1  2  3  4  5  6  7  8  9 10 11 12 13 14 |
---------------+-------------------------------------------+-----
Fire Magic     | 4 5 6 9 10 11 12 13 | 13.8
Spellcasting   | 3 4 8 9 10 11 12 13 | 13.5
Conjurations   | 2 3 7 8 9 10 11 12 | 12.4
Dodging        | 2 4 5 6 |  6.0
Fighting       | 4 5 6 |  6.4
Maces & Flails | 3 4 5 6 |  6.5
Armour         | 3 5 6 |  6.1
Earth Magic    | 2 5 8 |  8.1
Stealth        | |  2.1

Action                   |  1- 3 |  4- 6 |  7- 9 | 10-12 | 13-15 || total
-------------------------+-------+-------+-------+-------+-------++-------
Melee: Hand axe          |       |     5 |     1 |       |       ||     6
       Mace              |       |       |     9 |     7 |       ||    16
       Punch             |       |       |       |     4 |     1 ||     5
       Whip              |       |       |       |   137 |   172 ||   309
 Cast: Foxfire           |    56 |    40 |    97 |   378 |   258 ||   829
       Scorch            |     9 |    11 |    22 |   104 |    62 ||   208
       Flame Wave        |       |       |       |    15 |     8 ||    23
       Sticky Flame      |       |       |       |    33 |    53 ||    86
       Stone Arrow       |       |       |       |       |    86 ||    86
       Starburst         |       |       |       |       |    25 ||    25
       Lee's Rapid Decon |       |       |       |       |     2 ||     2
  Use: Scroll            |       |    11 |     6 |    11 |    10 ||    38
       Potion            |       |       |     2 |     7 |     2 ||    11
Armor: Robe              |     6 |     4 |    12 |    18 |       ||    40
       Acid dragon scale |       |       |       |   148 |   232 ||   380
Dodge: Dodged            |    11 |     8 |    23 |   189 |   222 ||   453

Table legend: (Time is in decaauts)
 A = Elapsed time spent in this place.
 B = Non-inter-level travel time spent in this place.
 C = Inter-level travel time spent in this place.
 D = Time resting spent in this place.
 E = Time spent auto-exploring this place.
 F = Levels seen in this place.
 G = Mean time per level.
                   A        B        C        D        E       F      G
               +--------+--------+--------+--------+--------+-----+--------+
         Total |  25212 |  23944 |   1268 |   2257 |  17493 |  20 | 1260.6 |
       Dungeon |  18025 |  17085 |    940 |   2169 |  11990 |  13 | 1386.5 |
        Temple |    599 |    545 |     54 |      0 |    444 |   1 |  599.0 |
          Lair |   6078 |   5805 |    273 |     88 |   4840 |   5 | 1215.6 |
      Gauntlet |    508 |    508 |      0 |      0 |    219 |   1 |  508.0 |
               +--------+--------+--------+--------+--------+-----+--------+

Top non-repeatable levels by time:
    D:11: 2644 daAuts
  Lair:4: 1911 daAuts
     D:9: 1846 daAuts
     D:4: 1644 daAuts
    D:10: 1572 daAuts
  Lair:1: 1548 daAuts
     D:8: 1544 daAuts
    D:12: 1387 daAuts
     D:5: 1255 daAuts
     D:7: 1194 daAuts
    D:13: 1193 daAuts
  Lair:3: 1165 daAuts
     D:3: 1111 daAuts
  Lair:2: 1066 daAuts
     D:1: 1006 daAuts
